 Dungeon Crawl Stone Soup version 0.30-a0-719-gcc4359ea44 (webtiles) character file.

Game seed: 7718359021148470985

216 M4edhros the Insei (level 5, -1/36 HPs)
             Began as an Octopode Transmuter on Jan 26, 2023.
             Slain by Duvessa
             ... wielding a +0 short sword
              (4 damage)
             ... on level 4 of the Dungeon.
             The game lasted 00:04:17 (1007 turns).

M4edhros the Insei (Octopode Transmuter)            Turns: 1007, Time: 00:04:17

Health: -1/36      AC:  1    Str: 10    XL:     5   Next: 93%
Magic:  8/8        EV: 14    Int: 15    God:
Gold:   85         SH:  0    Dex: 14    Spells: 7/8 levels left

rFire   . . .      SeeInvis .      - Unarmed
rCold   . . .      Faith    .    (no shield)
rNeg    . . .      Spirit   .    (helmet restricted)
rPois   .          Reflect  .    (no amulet)
rElec   .          Harm     .    (no ring)
rCorr   .          Rampage  .    (no ring)
Will    .....                    (no ring)
Stlth   ++                       (no ring)
HPRegen 0.26/turn                (no ring)
MPRegen 0.11/turn                (no ring)
                                 (no ring)
                                 (no ring)

@: no status effects
A: almost no armour, amphibious, 8 rings, camouflage 1, gelatinous body 1,
(nimble swimmer 1), tentacles
a: no special abilities


You were on level 4 of the Dungeon.
You visited 2 branches of the dungeon, and saw 5 of its levels.

You collected 85 gold pieces.

Inventory:

Wands
 b - a wand of iceblast (4)
Scrolls
 c - a scroll of identify {unknown}
 d - a scroll of brand weapon {unknown}
 e - 2 scrolls of immolation {unknown}
 f - a scroll of noise {unknown}


   Skills:
 + Level 2.8 Fighting
 + Level 3.3 Dodging
 * Level 5.0 Unarmed Combat
 - Level 2.0 Spellcasting
 - Level 2.0 Transmutations


You had 7 spell levels left.
You knew the following spells:

 Your Spells              Type           Power      Damage    Failure   Level
a - Beastly Appendage     Tmut           14%        N/A       10%         1

Your spell library contained the following spells:

 Spells                   Type           Power      Damage    Failure   Level
 Wereblood                Tmut           7%         N/A       14%         2
 Spider Form              Tmut/Pois      4%         N/A       41%         3
 Ice Form                 Ice/Tmut       4%         N/A       82%         4


Dungeon Overview and Level Annotations

Branches:
Dungeon (4/15)             Temple (1/1) D:4

Altars:
Ashenzari
Fedhas
Gozag
Makhleb
Okawaru
Uskayaw
Vehumet
Wu Jian
Yredelemnul
The Shining One

Shops:
D:4 :

Annotations:
D:4 Dowan, Duvessa


Innate Abilities, Weirdness & Mutations

You cannot wear most types of armour.
You are amphibious.
You can wear up to eight rings at the same time.
Your skin changes colour to match your surroundings (Stealth+).
Your rubbery body absorbs attacks. (AC +1, EV +1)
((You are camouflaged when in or above water. (Stealth+)))
You have tentacles for arms and can constrict up to eight enemies at once.


Message History

Dowan is heavily wounded.
The iceblast engulfs Duvessa!
Duvessa is moderately wounded.
You hear a shout!
Duvessa hits you with a +0 short sword! Dowan casts a spell at you.
The puff of frost hits you!
* * * LOW HITPOINT WARNING * * *
Aiming: Iceblast
Press: ? - help, Shift-Dir - straight line The mass of ice explodes!
The iceblast engulfs Dowan!
Dowan is almost dead.
The iceblast engulfs Duvessa.
Duvessa is heavily wounded.
Duvessa closely misses you.
You aren't carrying any potions.
Okay, then.
Aiming: Iceblast
Press: ? - help, Shift-Dir - straight line The mass of ice explodes!
The iceblast engulfs Duvessa!
Duvessa is severely wounded.
You hear a shout!
Duvessa closely misses you. Dowan gestures at you while chanting.
The puff of flame hits you.
* * * LOW HITPOINT WARNING * * *
Aiming: Iceblast
Press: ? - help, Shift-Dir - straight line The mass of ice explodes!
The iceblast engulfs Duvessa but does no damage.
Duvessa is severely wounded.
Duvessa barely misses you.
Dowan casts a spell.
Dowan blinks!
Aiming: Iceblast
Press: ? - help, Shift-Dir - straight line The mass of ice explodes!
The iceblast engulfs Duvessa!
Duvessa is almost dead.
Duvessa hits you with a +0 short sword.
You die...

#..................
......>...........
#####................
##..###......e........
#..#..................
##..#.................#
.......................
.....#.....#.##'#####.
.#..###...##.#..@#
.##...#.#....#.e§+
..##.......<.#...#
.......##.#..#...+
#)......#.##.#⌠8⌠#
#..###.... ..##### ...#
... ... ..#


You could see Duvessa and Dowan.

Vanquished Creatures
  Menkaure (D:4)
  An orc priest (D:4)
  4 adders
  A worm (D:2)
  A dart slug (D:1)
  3 orcs (D:4)
  2 bats
  An endoplasm (D:2)
  A giant cockroach (D:4)
  2 goblins (D:4)
  3 jackals (D:2)
  2 quokkas (D:4)
  3 ball pythons
  2 frilled lizards (D:1)
  3 kobolds
  A rat (D:1)
31 creatures vanquished.

Notes
Turn   | Place    | Note
-------+----------+-------------------------------------------
     0 | D:1      | M4edhros the Octopode Transmuter began the quest for the
                  | Orb.
     0 | D:1      | Reached XP level 1. HP: 13/13 MP: 3/3
    68 | D:1      | Reached XP level 2. HP: 6/18 MP: 5/5
   316 | D:2      | Reached XP level 3. HP: 18/23 MP: 6/6
   630 | D:4      | Reached skill level 4 in Unarmed Combat
   630 | D:4      | Reached XP level 4. HP: 29/29 MP: 7/7
   784 | D:4      | Found Azecay's Book Boutique.
   844 | D:4      | Found a staircase to the Ecumenical Temple.
   851 | Temple   | Entered the Ecumenical Temple
   972 | D:4      | Noticed Menkaure
   982 | D:4      | Killed Menkaure
   983 | D:4      | Reached skill level 5 in Unarmed Combat
   983 | D:4      | Reached XP level 5. HP: 36/36 MP: 8/8
  1000 | D:4      | Noticed Duvessa
  1001 | D:4      | Noticed Dowan
  1007 | D:4      | Slain by Duvessa

Illustrated notes

Levels and vault maps discovered:
D:1:      eino_arrival_druids_welcome, layout_basic
D:2:      layout_basic, hellmonk_ecumenical_altar_leap_of_faith
D:3:      layout_loops_ring, nicolae_ru_path_of_blood, minmay_misc_feat_columns,
          kennysheep_generic_room_3
D:4:      dreamdust_elfheim, layout_cave_pools, minmay_temple_entry_arrows,
          serial_shops, kennysheep_little_box, serial_bayou_pond_c,
          kennysheep_crisscross, chequers_decorated_corner, nicolae_half_adder,
          uniq_menkaure
Temple:   nicolae_temple_two_arcs

Skill      XL: |  1  2  3  4 |
---------------+-------------+-----
Fighting       | 2 |  2.8
Unarmed Combat | 4 5 |  5.0
Dodging        | 3 |  3.3
Spellcasting   | |  2.0
Transmutations | |  2.0

Action                     |  1- 3 |  4- 6 || total
---------------------------+-------+-------++-------
  Melee: Unarmed           |    58 |    27 ||    85
         Constrict         |    16 |     2 ||    18
         Tentacles         |    14 |     2 ||    16
         Punch             |     1 |     1 ||     2
  Evoke: Wand              |       |     5 ||     5
    Use: Potion            |       |     3 ||     3
   Stab: Sleeping          |     7 |       ||     7
 Armour: Skin              |     3 |    19 ||    22
  Dodge: Dodged            |    40 |    15 ||    55

Table legend: (Time is in decaauts)
 A = Elapsed time spent in this place.
 B = Non-inter-level travel time spent in this place.
 C = Inter-level travel time spent in this place.
 D = Time resting spent in this place.
 E = Time spent auto-exploring this place.
 F = Levels seen in this place.
 G = Mean time per level.
                   A        B        C        D        E       F      G
               +--------+--------+--------+--------+--------+-----+--------+
         Total |   1000 |    988 |     12 |     33 |    637 |   5 |  200.0 |
       Dungeon |    919 |    913 |      6 |     33 |    637 |   4 |  229.8 |
        Temple |     80 |     74 |      6 |      0 |      0 |   1 |   80.0 |
               +--------+--------+--------+--------+--------+-----+--------+

Top non-repeatable levels by time:
     D:4: 325 daAuts
     D:2: 318 daAuts
     D:1: 190 daAuts
     D:3: 84 daAuts
  Temple: 80 daAuts
